 Dungeon Crawl Stone Soup version 0.29.1-13-g9f3cf754e1 (webtiles) character file.

Game seed: 4713255197141571510

1442 promet the Covert (level 8, -7/48 HPs)
             Began as an Octopode Brigand on Feb 9, 2023.
             Was a Believer of Hepliaklqana.
             Mangled by an ice beast (10 damage)
             ... on level 6 of the Dungeon.
             The game lasted 00:27:53 (6501 turns).

promet the Covert (Octopode Brigand)                Turns: 6501, Time: 00:27:58

Health: -7/48      AC:  1    Str: 12    XL:     8   Next: 74%
Magic:  10/11      EV: 13    Int: 16    God:    Hepliaklqana [**....]
Gold:   382        SH:  0    Dex: 17    Spells: 8/11 levels left

rFire   . . .      SeeInvis .   v - +2 scythe (freeze)
rCold   . . .      Faith    .   (shield currently unavailable)
rNeg    . . .      Spirit   .   (helmet restricted)
rPois   .          Reflect  .   (no amulet)
rElec   .          Harm     .   (no ring)
rCorr   .          Rampage  .   (no ring)
Will    .....                   (no ring)
Stlth   ++++++....              (no ring)
HPRegen 0.16/turn               (no ring)
MPRegen 0.12/turn               (no ring)
                                (no ring)
                                (no ring)

@: about to teleport, flying
A: reduced essence, almost no armour, amphibious, 8 rings, camouflage 1,
gelatinous body 1, nimble swimmer 1, tentacles, agile 1, clever 1, strong 1
a: Renounce Religion, Ancestor Life: Knight, Ancestor Life: Battlemage, Ancestor
Life: Hexer, Recall Ancestor, Ancestor Identity


You were on level 6 of the Dungeon.
You worshipped Hepliaklqana.
Hepliaklqana was pleased with you.
You visited 1 branch of the dungeon, and saw 6 of its levels.

You collected 382 gold pieces.

Inventory:

Hand Weapons
 a - the +8 broad axe of Assonoot {flame, rN++ MP+9}
   (You acquired it on level 2 of the Dungeon)

   It burns those it strikes, dealing additional fire damage.
   Big, fiery blades are also staple armaments of hydra-hunters.
   rN:        It greatly protects you from negative energy.
   MP:        It affects your magic capacity (+9).
 e - a +1 vorpal mace
 f - a +2 dagger
 h - a +0 dagger of speed
 p - a +0 trident
 u - a +1 vampiric dagger
 v - a +2 scythe of freezing (weapon)
 x - a +2 dire flail of venom
Missiles
 b - 25 poisoned darts (quivered)
 c - 3 curare-tipped darts
 d - 36 stones
 k - 2 boomerangs
Magical Staves
 j - a staff of poison
 y - a staff of conjuration
Jewellery
 g - a ring of flight
Wands
 o - a wand of flame (21)
 q - a wand of roots (10)
Scrolls
 n - a scroll of blinking {unknown}
 s - a scroll of silence
Potions
 i - 2 potions of lignification
 m - a potion of flight
 t - a potion of resistance
 w - 3 potions of berserk rage


   Skills:
 * Level 4.5 Fighting
 + Level 2.1 Short Blades
 + Level 4.3(5.3) Axes
 + Level 0.5(2.7) Maces & Flails
 + Level 4.5(5.4) Polearms
 + Level 2.3 Throwing
 + Level 1.9 Dodging
 + Level 8.9 Stealth
 + Level 2.0 Spellcasting
 + Level 1.0 Transmutations
 + Level 1.5 Air Magic
 + Level 1.7 Poison Magic
 * Level 1.0 Evocations


You had 8 spell levels left.
You knew the following spells:

 Your Spells              Type           Power      Damage    Failure   Level
a - Sting                 Tmut/Pois      24%        1d4       12%         1
b - Poisonous Vapours     Pois/Air       12%        N/A       16%         2

Your spell library contained the following spells:

 Spells                   Type           Power      Damage    Failure   Level
 Shock                    Conj/Air       16%        1d4       16%         1
 Foxfire                  Conj/Fire      4%         2x1d4     21%         1
 Swiftness                Air            6%         N/A       32%         3
 Ignite Poison            Fire/Tmut/Pois 4%         N/A       38%         3
 Conjure Flame            Conj/Fire      1%         6-21      52%         3
 Inner Flame              Hex/Fire       1%         N/A       52%         3
 Airstrike                Air            3%         2d(1-17)  71%         4
 Olgreb's Toxic Radiance  Pois           7%         N/A       71%         4
 Flame Wave               Conj/Fire      1%         2d4       90%         4
 Sticky Flame             Conj/Fire      1%         2d3       90%         4
 Blade Hands              Tmut           2%         N/A       98%         5
 Irradiate                Conj/Tmut      1%         3d12      99%         5
 Dragon Form              Tmut           2%         N/A       100%        7


Dungeon Overview and Level Annotations

Branches:
Dungeon (6/15)
 Temple: D:4-7

Altars:
Hepliaklqana
Xom
Yredelemnul
The Shining One


Innate Abilities, Weirdness & Mutations

Your life essence is reduced to manifest your ancestor. (-10% HP)
You cannot wear most types of armour.
You are amphibious.
You can wear up to eight rings at the same time.
Your skin changes colour to match your surroundings (Stealth+).
Your rubbery body absorbs attacks. (AC +1, EV +1)
You are camouflaged when in or above water. (Stealth+)
You have tentacles for arms and can constrict up to eight enemies at once.
You are agile. (Dex +4, Str/Int -1)
Your mind is acute. (Int +4, Str/Dex -1)
Your muscles are strong. (Str +4, Int/Dex -1)


Message History

The phantom closely misses you.
You slash the phantom!
You destroy the phantom!
The shadow imp hits you. The orc closely misses you.
The ice beast closely misses you.
The gnoll sergeant is engulfed in noxious fumes.
The gnoll sergeant appears confused.
Your Spellcasting skill increases to level 2!
Your Evocations skill increases to level 1!
Okay, then.
As you read the scroll of teleportation, it crumbles to dust.
You feel strangely unstable. The orc hits you with a +0 flail!
The shadow imp splashes around in the water.
The ice beast misses you.
The gnoll sergeant is engulfed in noxious fumes.
The gnoll sergeant appears confused.
The gnoll sergeant hits the ice beast with a +0 trident!
You hit the orc. You freeze the orc. Your grab misses the orc.
You squeeze the orc.
You kill the orc!
The iguana is engulfed in noxious fumes.
The iguana appears confused.
The shadow imp closely misses you. The ice beast hits you.
The ice beast freezes you!
The gnoll sergeant is engulfed in noxious fumes.
The gnoll sergeant appears confused.
You feel better. The shadow imp hits you.
The iguana bites the gnoll sergeant but does no damage.
The ice beast hits you. The ice beast freezes you!
* * * LOW HITPOINT WARNING * * *
The gnoll sergeant is engulfed in noxious fumes.
The gnoll sergeant appears confused.
The gnoll sergeant hits the ice beast with a +0 trident.
Servia hits the iguana.
You feel very buoyant.
You fly up into the air.
The shadow imp hits you.
* * * LOW HITPOINT WARNING * * *
The ice beast hits you.
* * * LOW HITPOINT WARNING * * *
The ice beast freezes you!
You die...

## . #. #. #.#
#.#####.##
##≈≈§≈≈...##
#≈≈~@)≈≈...##
....≈~.Y5~§..#.#
##...§lg☼~≈...##
....≈~.~R§§§...#
####≈§~.~≈§§...#
##§≈≈≈§####.#
#####S# #.# .#
#.# #<#


You could see the friendly Servia the ancestor, a water moccasin, an ice beast,
a gnoll sergeant (confused), an iguana (confused, ally target) and a shadow imp.

Vanquished Creatures
  Edmund (D:4)
  2 ice beasts
  3 black bears (D:5)
  A phantom (D:6)
  2 scorpions (D:4)
  A hound (D:5)
  A gnoll bouda (D:5)
  An orc priest (D:4)
  A jelly (D:5)
  3 iguanas
  3 gnolls
  5 adders
  A white imp (D:5)
  An ufetubus (D:4)
  3 worms (D:2)
  6 dart slugs
  12 orcs
  10 endoplasms
  8 goblins
  7 hobgoblins
  9 jackals
  7 kobolds
  5 quokkas
  3 ball pythons
  4 bats
  2 frilled lizards (D:3)
  5 rats
107 creatures vanquished.

Vanquished Creatures (collateral kills)
  Sigmund (D:4)
  A necrophage (D:5)
  An orc wizard (D:4)
  2 gnolls (D:5)
  An adder (D:5)
6 creatures vanquished.

Vanquished Creatures (others)
  An orc warrior (D:6)
  An ancestor (D:5)
  3 plants (D:4)
5 creatures vanquished.

Grand Total: 118 creatures vanquished

Notes
Turn   | Place    | Note
-------+----------+-------------------------------------------
     0 | D:1      | promet the Octopode Brigand began the quest for the Orb.
     0 | D:1      | Reached XP level 1. HP: 14/14 MP: 1/1
    27 | D:1      | Found a basalt altar of Yredelemnul.
   116 | D:1      | Reached XP level 2. HP: 19/19 MP: 2/2
   123 | D:1      | Reached skill level 6 in Stealth
   343 | D:1      | Reached XP level 3. HP: 24/24 MP: 3/3
  1219 | D:2      | Found a hazy altar of Hepliaklqana.
  1239 | D:2      | Identified a scroll of acquirement
  1239 | D:2      | Acquired the +8 broad axe of Assonoot {flame, rN++ MP+9}
  1247 | D:2      | Became a worshipper of Hepliaklqana the Forgotten
  1583 | D:2      | Learned a level 1 spell: Sting
  1636 | D:2      | Reached XP level 4. HP: 30/30 MP: 4/4
  2147 | D:2      | Found a faded altar of an unknown god.
  2452 | D:3      | Reached skill level 1 in Axes
  3213 | D:3      | Reached * piety under Hepliaklqana
  3250 | D:4      | Noticed a scorpion
  3251 | D:4      | Killed a scorpion
  3252 | D:4      | Reached skill level 7 in Stealth
  3252 | D:4      | Reached XP level 5. HP: 31/31 MP: 5/5
  3333 | D:4      | Reached XP level 6. HP: 32/37 MP: 3/6
  4238 | D:4      | Noticed Sigmund
  4260 | D:4      | Killed Sigmund
  4261 | D:4      | Reached skill level 1 in Polearms
  4261 | D:4      | Reached skill level 1 in Spellcasting
  4261 | D:4      | Reached XP level 7. HP: 22/41 MP: 1/8
  4413 | D:4      | Noticed Edmund
  4422 | D:4      | Killed Edmund
  4423 | D:4      | Reached skill level 1 in Poison Magic
  4902 | D:5      | Entered Level 5 of the Dungeon
  4902 | D:5      | Reached ** piety under Hepliaklqana
  5000 | D:5      | Reached skill level 8 in Stealth
  5061 | D:5      | Gained mutation: Your mind is acute. (Int +4, Str/Dex -1)
                  | [potion of mutation]
  5061 | D:5      | Gained mutation: You are agile. (Dex +4, Str/Int -1)
                  | [potion of mutation]
  5061 | D:5      | Gained mutation: Your muscles are strong. (Str +4, Int/Dex
                  | -1) [potion of mutation]
  5068 | D:5      | Learned a level 2 spell: Poisonous Vapours
  5242 | D:5      | Reached XP level 8. HP: 44/48 MP: 8/10
  5247 | D:5      | Reached skill level 1 in Transmutations
  5247 | D:5      | Reached skill level 1 in Air Magic
  5645 | D:5      | Found a glowing golden altar of the Shining One.
  6473 | D:6      | Found a shimmering altar of Xom.
  6498 | D:6      | Reached skill level 1 in Evocations
  6501 | D:6      | Mangled by an ice beast

Illustrated notes

Levels and vault maps discovered:
D:1:      dpeg_arrival_water_altar, layout_basic, serial_rivers,
          chequers_serial_rivers_micro_a, chequers_serial_rivers_micro_b,
          chequers_serial_rivers_micro_e, chequers_serial_rivers_micro_b,
          chequers_serial_rivers_micro_c
D:2:      cheibrodos_greedy_goblins, layout_basic,
          hellmonk_ecumenical_altar_leap_of_faith, basic_altar,
          minmay_tiny_reverse_x
D:3:      layout_basic
D:4:      layout_loops_ring, sigmund_edmund_badplayer
D:5:      black_bear_nest_2, layout_cave_pools,
          mainiacjoe_overflow_small_starburst, hangedman_abyss_or_decor_passed,
          chequers_serial_rivers_micro_d
D:6:      layout_loops_ring, xom_confusion_cloud, mainiacjoe_overflow_catwalk,
          minmay_temple_entry_tees, minivault_5,
          nicolae_kite_square_tiling_tiny, uniq_eustachio, uniq_pikel

Skill      XL: |  1  2  3  4  5  6  7  8 |
---------------+-------------------------+-----
Stealth        | 6 7 8 |  8.9
Axes           | 2 3 4 |  4.3
Fighting       | 3 4 |  4.5
Polearms       | 1 2 4 |  4.5
Spellcasting   | 1 2 |  2.0
Poison Magic   | 1 |  1.7
Transmutations | 1 |  1.0
Air Magic      | 1 |  1.5
Evocations     | 1 |  1.0
Short Blades   | |  2.1
Maces & Flails | |  0.5
Throwing       | |  2.3
Dodging        | |  1.9

Action                   |  1- 3 |  4- 6 |  7- 9 || total
-------------------------+-------+-------+-------++-------
Melee: Dagger            |    10 |       |       ||    10
       Constrict         |     9 |     6 |    15 ||    30
       Tentacles         |     9 |     6 |    15 ||    30
       Mace              |    29 |       |       ||    29
       Broad axe         |    11 |    48 |       ||    59
       Trident           |       |    12 |       ||    12
       Halberd           |       |     2 |    65 ||    67
Throw: Dart              |     1 |     2 |       ||     3
 Cast: Sting             |       |     6 |     2 ||     8
       Poisonous Vapours |       |       |    16 ||    16
Invok: Recall Ancestor   |       |       |     1 ||     1
  Use: Scroll            |     5 |     8 |     3 ||    16
       Potion            |       |     1 |     3 ||     4
 Stab: Sleeping          |    13 |    13 |     6 ||    32
       Distracted        |       |     1 |       ||     1
Armor: Skin              |     5 |     3 |     2 ||    10
Dodge: Dodged            |    19 |    15 |    38 ||    72
